 Dungeon Sprint DCSS version 0.28.0-53-g5a82cb258f (webtiles) character file.

Game seed: 10541193218342289926

3200000 Zeld the Intangible (level 20, -3/181 HPs)
             Began as a Djinni Monk on June 6, 2022.
             Was the Champion of Makhleb.
             Slain by a bag of meat
             ... wielding a +9 war axe
              (43 damage)
             ... in the Dungeon (Sprint VIII: "Arena of Blood").
             The game lasted 00:00:46 (32 turns).

Zeld the Intangible (Djinni Monk)                     Turns: 32, Time: 00:00:47

Health: -3/181     AC:  2    Str: 16    XL:     20   Next: 73%
Gold:   0          EV: 28    Int: 15    God:    Makhleb [******] SH:  0 Dex: 16

rFire   + + .      SeeInvis .   g - +∞ Axe of Woe
rCold   x . .      Faith    .   (shield currently unavailable)
rNeg    . . .      Spirit   .   a - +0 robe
rPois   ∞          Reflect  .   (no helmet)
rElec   .          Harm     .   (no cloak)
rCorr   .          Rampage  .   (no gloves)
Will    ++...      NoTele   +   (boots unavailable)
Stlth   ++........              (no amulet)
HPRegen 0.40/turn               (no ring)
MPRegen 0.00/turn               (no ring)

@: short of breath, flying
A: sickness immunity, fire resistance 2, cold vulnerability 1, float, innate
caster, HP casting, extra vitality 1
a: Renounce Religion, Minor Destruction, Lesser Servant of Makhleb, Major
Destruction, Greater Servant of Makhleb


You were in the Dungeon.
You worshipped Makhleb.
Makhleb was exalted by your worship.
You visited 1 branch

Inventory:

Hand Weapons
 g - the +∞ Axe of Woe (weapon)
   (You found it in the Dungeon)
Armour
 a - a +0 robe (worn)
Scrolls
 f - a scroll of blinking
Potions
 b - a potion of curing
 c - a potion of heal wounds
 d - a potion of haste
 e - a potion of berserk rage


   Skills:
 O Level 27 Fighting
 O Level 27 Axes
 O Level 27 Dodging
 - Level 1.5 Stealth
 - Level 3.0 Unarmed Combat
 O Level 27 Spellcasting
 O Level 27 Invocations


You had 35 spell levels left.
You knew the following spells:

 Your Spells              Type           Power      Damage    Failure   Level
a - Animate Skeleton      Necr           100%       N/A       0%          1
b - Blink                 Tloc           100%       N/A       0%          2
c - Lesser Beckoning      Tloc           79%        N/A       0%          3
d - Sticky Flame          Conj/Fire      79%        2d9       0%          4
e - Airstrike             Air            39%        N/A       0%          4
f - Freezing Cloud        Conj/Ice/Air   39%        6-21      0%          5
g - Dispersal             Tloc           39%        N/A       0%          6
h - Dragon Form           Tmut           39%        N/A       1%          7
i - Eringya's Noxious Bo  Tmut/Pois      39%        N/A       0%          6
Your spell library was empty.

Dungeon Overview and Level Annotations

Branches:
Dungeon (1/1)

Altars:
Makhleb


Innate Abilities, Weirdness & Mutations

You are immune to sickness and miasma.
You are immune to poison.
Your flesh is very heat resistant. (rF++)
You are vulnerable to cold. (rC-)
You float through the air rather than walking.
You learn spells naturally, not from books.
Your magical power is your life essence.
You have superior vitality. (+4 MHP)


Message History

You kill the bag of meat!
Makhleb accepts your kill.
You feel better.
The large bag of meat explodes!
The fiery explosion engulfs you! You resist.
You are engulfed in blazing flames.
You resist.
You hear two shouts!
You hear a shout!
You hear two shouts!
You hear a shout! x6
A meat berserker comes into view. It is wielding a +9 battleaxe.
A bag of meat comes into view. It is wielding a +9 war axe.
The eight-headed meat hydra calls on the powers of darkness!
The eight-headed meat hydra convulses!
The bag of meat convulses! x3
The large bag of meat convulses!
Flame seeps out of the large bag of meat.
The bag of meat convulses!
The meat berserker convulses!
Your body is wracked with pain!
The bag of meat convulses!
You hear a shout!
The large bag of meat is engulfed in blazing flames.
You hear a shout! x3
You have mastered Spellcasting! 4 bags of meat and a large bag of meat come into view.
The bag of meat shouts! x4; The large bag of meat shouts in stereo!
You hear two shouts!
You hear a shout! x4
A large bag of meat comes into view. It is wielding a +9 giant spiked club.
The large bag of meat is engulfed in blazing flames.
You hear a shout!
The bag of meat is engulfed in blazing flames.
You hear a shout!
The bag of meat is engulfed in blazing flames.
The eight-headed meat hydra calls on the powers of darkness!
The eight-headed meat hydra convulses!
The meat berserker convulses!
The bag of meat convulses! x4; The large bag of meat convulses!
Flame seeps out of the large bag of meat.
The bag of meat convulses!
Your body is wracked with pain!
* * * LOW HITPOINT WARNING * * *
The bag of meat convulses! x2; The large bag of meat convulses!
Flame seeps out of the large bag of meat.
The bag of meat convulses!
The large bag of meat is engulfed in blazing flames.
The bag of meat hits you with a +9 war axe!!!
You die...

.. ..... #. ...#
#.. ...# . .###§.
...###..
......###.......
..O...._..O.....
....#.O)))#○... .
#_§§§_# . #..o§@#
.....°§§)oO.D.o.
O.....###...○ooo.
.###.. ...###°..
#.. ...# o. #..
....# .. o....
○O.....


You could see an eight-headed meat hydra, 4 large bags of meat, a meat berserker
(berserk) and 8 bags of meat.

Vanquished Creatures
  2 vampire knights (D)
  8 ogres (D)
  A two-headed ogre (D)
  19 orcs (D)
30 creatures vanquished.

Notes
Turn   | Place    | Note
-------+----------+-------------------------------------------
     0 | D        | Found the +∞ Axe of Woe
     0 | D        | Zeld the Djinni Monk began the quest for the Orb.
     0 | D        | Reached XP level 1. HP: 20/20 MP: 0/0
     0 | D        | Noticed a meat berserker
     3 | D        | Noticed a bag of meat
     4 | D        | Became a worshipper of Makhleb the Destroyer
     4 | D        | Reached * piety under Makhleb
     4 | D        | Reached ** piety under Makhleb
     4 | D        | Noticed a bag of meat
     5 | D        | Noticed a bag of meat
     5 | D        | Noticed a bag of meat
     5 | D        | Noticed a bag of meat
     5 | D        | Noticed a bag of meat
     5 | D        | Noticed a bag of meat
     7 | D        | Killed a meat berserker
     8 | D        | Reached skill level 15 in Fighting
     8 | D        | Reached XP level 2. HP: 43/43 MP: 0/0
     8 | D        | Reached XP level 3. HP: 49/49 MP: 0/0
     8 | D        | Learned a level 1 spell: Animate Skeleton
     8 | D        | Reached XP level 4. HP: 55/55 MP: 0/0
     8 | D        | Reached XP level 5. HP: 60/60 MP: 0/0
     8 | D        | Learned a level 2 spell: Blink
     8 | D        | Reached XP level 6. HP: 67/67 MP: 0/0
     8 | D        | Reached XP level 7. HP: 72/72 MP: 0/0
     8 | D        | Learned a level 3 spell: Lesser Beckoning
     8 | D        | Reached XP level 8. HP: 78/78 MP: 0/0
     8 | D        | Reached XP level 9. HP: 84/84 MP: 0/0
     8 | D        | Learned a level 4 spell: Sticky Flame
     8 | D        | Reached XP level 10. HP: 90/90 MP: 0/0
     8 | D        | Reached XP level 11. HP: 95/95 MP: 0/0
     8 | D        | Learned a level 4 spell: Airstrike
     8 | D        | Reached XP level 12. HP: 102/102 MP: 0/0
     8 | D        | Noticed a bag of meat
     8 | D        | Killed a bag of meat
     8 | D        | Noticed a bag of meat
     8 | D        | Noticed a bag of meat
     8 | D        | Noticed a bag of meat
     8 | D        | Noticed a bag of meat
     9 | D        | Reached skill level 10 in Spellcasting
     9 | D        | Reached XP level 13. HP: 82/111 MP: 0/0
     9 | D        | Learned a level 5 spell: Freezing Cloud
     9 | D        | Killed a bag of meat
     9 | D        | Noticed a bag of meat
     9 | D        | Noticed a bag of meat
    10 | D        | Noticed a bag of meat
    11 | D        | Killed a bag of meat
    11 | D        | Reached *** piety under Makhleb
    11 | D        | Killed a bag of meat
    11 | D        | Killed a bag of meat
    11 | D        | Noticed a meat berserker
    12 | D        | Reached XP level 14. HP: 123/123 MP: 0/0
    12 | D        | Killed a meat berserker
    12 | D        | Reached **** piety under Makhleb
    12 | D        | Killed a bag of meat
    12 | D        | Killed a bag of meat
    12 | D        | Noticed a meat berserker
    13 | D        | Reached skill level 15 in Axes
    13 | D        | Reached skill level 15 in Spellcasting
    13 | D        | Reached XP level 15. HP: 135/135 MP: 0/0
    13 | D        | Learned a level 6 spell: Dispersal
    13 | D        | Noticed a meat berserker
    14 | D        | Reached XP level 16. HP: 144/144 MP: 0/0
    14 | D        | Reached ***** piety under Makhleb
    16 | D        | Killed a meat berserker
    17 | D        | Reached XP level 17. HP: 154/154 MP: 0/0
    17 | D        | Learned a level 7 spell: Dragon Form
    18 | D        | Killed a meat berserker
    19 | D        | Reached skill level 27 in Dodging
    19 | D        | Noticed a meat berserker
    19 | D        | Noticed a meat berserker
    20 | D        | Noticed a meat berserker
    20 | D        | Noticed a meat berserker
    22 | D        | Noticed a destroyer
    23 | D        | Killed a destroyer
    24 | D        | Reached skill level 27 in Fighting
    24 | D        | Reached XP level 18. HP: 161/167 MP: 0/0
    24 | D        | Killed a meat berserker
    25 | D        | Killed a meat berserker
    25 | D        | Reached ****** piety under Makhleb
    25 | D        | Killed a meat berserker
    25 | D        | Noticed a large bag of meat
    25 | D        | Noticed a large bag of meat
    26 | D        | Reached skill level 27 in Invocations
    26 | D        | Reached XP level 19. HP: 174/174 MP: 0/0
    26 | D        | Learned a level 6 spell: Eringya's Noxious Bog
    26 | D        | Noticed a large bag of meat
    26 | D        | Noticed a meat berserker
    27 | D        | Killed a meat berserker
    28 | D        | Reached skill level 27 in Axes
    28 | D        | Noticed a destroyer
    29 | D        | Reached XP level 20. HP: 181/181 MP: 0/0
    29 | D        | Noticed a meat berserker
    30 | D        | Noticed an eight-headed meat hydra
    31 | D        | Killed a destroyer
    31 | D        | Killed a large bag of meat
    31 | D        | Noticed a meat berserker
    32 | D        | Reached skill level 27 in Spellcasting
    32 | D        | Noticed a large bag of meat
    32 | D        | Noticed a large bag of meat
    32 | D        | Slain by a bag of meat

Illustrated notes

Levels and vault maps discovered:
D:        meatsprint

Skill      XL: |  1  2  3  4  5  6  7  8  9 10 11 12 13 14 15 16 17 18 19 20 |
---------------+-------------------------------------------------------------+-----
Fighting       | 15 16 19 21 22 24 27 | 27.0
Axes           | 11 14 15 16 18 21 26 27 | 27.0
Dodging        | 16 17 21 23 24 26 27 | 27.0
Spellcasting   | 9 10 13 15 17 19 21 26 27 | 27.0
Invocations    | 12 13 17 19 20 21 24 27 | 27.0
Stealth        | |  1.5
Unarmed Combat | |  3.0

Action                   |  1- 3 |  4- 6 |  7- 9 | 10-12 | 13-15 | 16-18 | 19-21 || total
-------------------------+-------+-------+-------+-------+-------+-------+-------++-------
Melee: Executioner's axe |     1 |       |       |     1 |     4 |     8 |     5 ||    19
 Cast: Dragon Form       |       |       |       |       |       |     1 |       ||     1
 Abil: Breathe Fire      |       |       |       |       |       |     1 |       ||     1
       End Transformatio |       |       |       |       |       |     1 |       ||     1
Dodge: Dodged            |       |       |       |       |     1 |     1 |     1 ||     3
